 Dungeon Crawl Stone Soup version 0.29.0-11-gd7f09526c8 (webtiles) character file.

Game seed: 4975879708776131037

887 apoch the Shield-Bearer (level 8, -4/64 HPs)
             Began as a Formicid Fighter on Sept 5, 2022.
             Was a Follower of Cheibriados.
             Slain by an ogre
             ... wielding a +0 giant club
              (10 damage)
             ... on level 5 of the Dungeon.
             The game lasted 00:09:04 (5718 turns).

apoch the Shield-Bearer (Formicid Fighter)          Turns: 5718, Time: 00:09:04

Health: -4/64      AC: 14    Str: 24    XL:     8   Next: 26%
Magic:  9/9        EV:  8    Int: 11    God:    Cheibriados [*.....]
Gold:   303        SH:  6    Dex: 15    Spells: 7/7 levels left

rFire   + . .      SeeInvis +   a - +0 trident
rCold   . . .      Faith    .   c - +0 buckler
rNeg    . . .      Spirit   .   d - +3 chain mail
rPois   .          Reflect  .   (helmet unavailable)
rElec   .          Harm     .   (no cloak)
rCorr   .          Rampage  .   D - +0 pair of gloves
Will    .....                   (no boots)
Stlth   ..........              C - amulet of regeneration
HPRegen 1.00/turn               k - ring of protection from fire
MPRegen 0.11/turn               (no ring)

@: flying (expiring), very slow
A: permanent stasis, dig shafts and tunnels, antennae 3, four strong arms
a: Dig, Shaft Self, Renounce Religion, Bend Time


You were on level 5 of the Dungeon.
You worshipped Cheibriados.
Cheibriados was aware of your devotion.
You visited 2 branches of the dungeon, and saw 6 of its levels.

You collected 303 gold pieces.

Inventory:

Hand Weapons
 a - a +0 trident (weapon)
 b - a +0 sling
Missiles
 l - 9 boomerangs (quivered)
 p - 6 poisoned darts
 x - 23 stones
Armour
 c - a +0 buckler (worn)
 d - a +3 chain mail (worn)
 D - a +0 pair of gloves (worn)
Jewellery
 k - a ring of protection from fire (left hand)
 C - an amulet of regeneration (around neck)
Wands
 n - a wand of mindburst (13)
 y - a wand of flame (32)
Scrolls
 e - 8 scrolls of identify {unknown}
 f - a scroll of noise {unknown}
 g - a scroll of vulnerability {unknown}
 h - a scroll of teleportation {unknown}
 i - 2 scrolls of poison {unknown}
 q - a scroll of blinking {unknown}
 r - a scroll of fear {unknown}
 s - a scroll of immolation {unknown}
 t - a scroll of enchant weapon {unknown}
 u - a scroll of brand weapon {unknown}
Potions
 j - 3 potions of flight
 m - 3 potions of lignification {unknown}
 o - a potion of mutation {unknown}
 v - a potion of heal wounds {unknown}
 z - a potion of degeneration {unknown}
 A - 2 potions of brilliance {unknown}
 B - a potion of attraction {unknown}


   Skills:
 + Level 5.7 Fighting
 * Level 4.9 Polearms
 + Level 5.6 Armour
 + Level 6.8 Shields
 + Level 1.7 Invocations


You had 7 spell levels left.
You didn't know any spells.
Your spell library was empty.

Dungeon Overview and Level Annotations

Branches:
Dungeon (5/15)             Temple (1/1) D:5

Altars:
Ashenzari
Cheibriados
Gozag
Uskayaw
Yredelemnul


Innate Abilities, Weirdness & Mutations

You cannot be hasted, slowed, berserked, paralysed or teleported.
You can dig through walls and to a lower floor.
You have a pair of large antennae on your head. (SInv)
Your four strong arms can wield two-handed weapons with a shield.


Message History

You hit the ogre.
The ogre is moderately wounded.
The ogre barely misses you. You block the gnoll sergeant's attack.
The gnoll hits you but does no damage.
You hit the ogre but do no damage.
The ogre is lightly wounded.
The gnoll hits you from afar with a +0 spear.
The gnoll sergeant hits you but does no damage.
The ogre hits you but does no damage.
The gnoll sergeant hits you from afar with a +3 spear of freezing!
* * * LOW HITPOINT WARNING * * *
The gnoll sergeant freezes you.
* * * LOW HITPOINT WARNING * * *
The ogre attacks as you move away! The ogre barely misses you.
The gnoll closely misses you.
The gnoll sergeant hits you but does no damage.
The ogre attacks as you move away! The ogre hits you with a +0 giant club!
* * * LOW HITPOINT WARNING * * *
The gnoll sergeant completely misses you.
The ogre hits you with a +0 giant club!
* * * LOW HITPOINT WARNING * * *
You block the gnoll's attack.
Unknown command.
The flow of time bends around you.
Cheibriados rebukes the ogre.
The ogre seems to slow down.
The gnoll hits you but does no damage.
The gnoll sergeant hits you but does no damage.
The ogre is no longer moving slowly.
The ogre attacks as you move away! The ogre barely misses you.
The ogre hits you with a +0 giant club. The ogre attacks as you move away!
The ogre barely misses you. The ogre attacks as you move away!
The ogre hits you with a +0 giant club!
* * * LOW HITPOINT WARNING * * *
The gnoll sergeant hits you from afar with a +3 spear of freezing!
* * * LOW HITPOINT WARNING * * *
The gnoll sergeant freezes you.
* * * LOW HITPOINT WARNING * * *
You are starting to lose your buoyancy.
The ogre hits you with a +0 giant club!
You die...

.....[#........#.#..####...#
...................#.# ##.##
...................#.####.#
.†.....###.......#......#..
................##..........#
.........#....####..........#
...............##..........#
.............g...#........##
...#.........#gO@..........#
.#.#..............<........#
.##........................#
.##.............##.........#
.......##............#.8.#.##
.#.....##.....##.......)....#
.#.....#.............8.>.8###
..........................#
....#................#.8.#.#


You could see an ogre, a gnoll sergeant and a gnoll.

Vanquished Creatures
  2 black bears
  Blork the orc (D:4)
  A scorpion (D:4)
  A howler monkey (D:4)
  2 jellies (D:5)
  3 hounds
  Jessica (D:2)
  Ijyb (D:3)
  3 iguanas
  An orc wizard (D:3)
  7 gnolls
  6 adders
  A white imp (D:5)
  An ufetubus (D:4)
  3 worms (D:2)
  A dart slug (D:4)
  14 orcs
  5 ball pythons
  6 bats
  6 endoplasms
  A giant cockroach (D:2)
  5 goblins
  10 hobgoblins
  5 kobolds
  3 quokkas
  3 frilled lizards
  8 rats
101 creatures vanquished.

Notes
Turn   | Place    | Note
-------+----------+-------------------------------------------
     0 | D:1      | apoch the Formicid Fighter began the quest for the Orb.
     0 | D:1      | Reached XP level 1. HP: 18/18 MP: 1/1
   265 | D:1      | Reached XP level 2. HP: 24/24 MP: 2/2
   918 | D:2      | Noticed Jessica
   925 | D:2      | Killed Jessica
   926 | D:2      | Reached XP level 3. HP: 30/30 MP: 3/3
  1142 | D:2      | Reached XP level 4. HP: 26/37 MP: 4/4
  2207 | D:3      | Reached skill level 5 in Shields
  2207 | D:3      | Reached XP level 5. HP: 30/42 MP: 5/5
  2461 | D:3      | Noticed Ijyb
  2502 | D:3      | Killed Ijyb
  3599 | D:4      | Reached XP level 6. HP: 49/49 MP: 6/6
  4145 | D:4      | Noticed Blork the orc
  4161 | D:4      | Killed Blork the orc
  4538 | D:4      | Reached XP level 7. HP: 55/55 MP: 7/7
  4598 | D:4      | You fall into a shaft and drop 1 floor!
  4598 | D:5      | Entered Level 5 of the Dungeon
  4846 | D:5      | Reached skill level 5 in Fighting
  4846 | D:5      | Reached skill level 5 in Armour
  4846 | D:5      | Reached skill level 6 in Shields
  4919 | D:5      | Found a staircase to the Ecumenical Temple.
  4929 | Temple   | Entered the Ecumenical Temple
  5010 | Temple   | Became a worshipper of Cheibriados the Contemplative
  5448 | D:5      | Reached skill level 1 in Invocations
  5448 | D:5      | Reached XP level 8. HP: 53/63 MP: 8/8
  5646 | D:5      | Reached * piety under Cheibriados
  5716 | D:5      | HP: 3/64 [gnoll sergeant/+3 spear of freezing (1)]
  5718 | D:5      | Slain by an ogre

Illustrated notes

Levels and vault maps discovered:
D:1:      lightli_arrival_chessboard, layout_basic
D:2:      cheibrodos_greedy_goblins, layout_basic, minmay_misc_feat_ornament,
          uniq_jessica
D:3:      layout_basic, st_stairs_11, uniq_ijyb
D:4:      layout_loops_ring, kennysheep_small_circle, uniq_blork_the_orc
D:5:      layout_cave_pools, amethyst_overflow_temple_binary,
          minmay_temple_entry_statues_pillars
Temple:   nicolae_temple_bog_church

Skill      XL: |  1  2  3  4  5  6  7 |
---------------+----------------------+-----
Armour         | 4 5 |  5.6
Fighting       | 4 5 |  5.7
Polearms       | 3 4 |  4.9
Shields        | 5 6 |  6.8
Invocations    | 1 |  1.7

Action                   |  1- 3 |  4- 6 |  7- 9 || total
-------------------------+-------+-------+-------++-------
Melee: Trident           |    59 |   218 |   111 ||   388
Throw: Stone             |    17 |    13 |       ||    30
       Boomerang         |       |     5 |    35 ||    40
Invok: Bend Time         |       |       |     1 ||     1
 Abil: Shaft Self        |       |       |     1 ||     1
  Use: Potion            |       |     1 |     1 ||     2
Armor: Scale mail        |     4 |       |       ||     4
       Chain mail        |    15 |    88 |    88 ||   191
Dodge: Dodged            |     9 |    54 |    57 ||   120
Block: Buckler           |    10 |    36 |    56 ||   102
